 Dungeon Crawl Stone Soup version 0.30-a0-824-g6c64550be9 (webtiles) character file.

Game seed: 12617916730584280957

1984 Nacht the Covert (level 9, 0/68 HPs)
             Began as a Naga Earth Elementalist on Feb 27, 2023.
             Was an Initiate of Kikubaaqudgha.
             Slain by Maggie
             ... wielding the +9 lance "Wyrmbane" {slay drac, rPois rF+ rC+ AC+3}
              (10 damage)
             ... on level 7 of the Dungeon.
             The game lasted 00:11:19 (7630 turns).

Nacht the Covert (Naga Earth Elementalist)          Turns: 7630, Time: 00:11:19

Health: 0/68       AC: 10    Str: 10    XL:     9   Next: 21%
Magic:  0/15       EV: 10    Int: 20    God:    Kikubaaqudgha [......]
Gold:   1603       SH:  0    Dex: 12    Spells: 10/16 levels left

rFire   . . .      SeeInvis +    c - +1 dagger (venom)
rCold   . . .      Faith    .    (no shield)
rNeg    . . .      Spirit   .    a - +0 robe
rPois   +          Reflect  .    o - +2 helmet
rElec   .          Harm     .    l - +1 cloak
rCorr   .          Rampage  .    q - +0 pair of gloves
Will    +....                    (no barding)
Stlth   ++++                     (no amulet)
HPRegen 0.31/turn                (no ring)
MPRegen 0.14/turn                (no ring)

@: invisible, very slow
A: AC +3, large, see invisible, deformed body, poison resistance, slowness 2,
spit poison 1, naga tail 1
a: Spit Poison, Renounce Religion


You were on level 7 of the Dungeon.
You worshipped Kikubaaqudgha.
Kikubaaqudgha was noncommittal.
You visited 2 branches of the dungeon, and saw 8 of its levels.
You also visited: Sewer.

You collected 1603 gold pieces.

Inventory:

Hand Weapons
 c - a +1 dagger of venom (weapon)
Missiles
 e - 14 poisoned darts
Armour
 a - a +0 robe (worn)
 l - a +1 cloak (worn)
 o - a +2 helmet (worn)
 q - a +0 pair of gloves (worn)
Wands
 h - a wand of paralysis (13)
 B - a wand of flame (8)
 E - a wand of mindburst (18)
Scrolls
 f - 3 scrolls of blinking {unknown}
 g - 3 scrolls of enchant armour {unknown}
 i - 3 scrolls of enchant weapon {unknown}
 j - 3 scrolls of poison {unknown}
 k - 2 scrolls of torment {unknown}
 n - a scroll of immolation {unknown}
 t - a scroll of silence {unknown}
 u - 3 scrolls of magic mapping {unknown}
 v - 2 scrolls of vulnerability {unknown}
 y - a scroll of fog {unknown}
 A - 3 scrolls of fear {unknown}
 D - 4 scrolls of identify
Potions
 b - 2 potions of magic
 d - 4 potions of resistance
 m - a potion of flight
 p - a potion of curing
 r - 2 potions of attraction {unknown}
 s - 4 potions of brilliance {unknown}
 w - 2 potions of might {unknown}
 x - 2 potions of lignification {unknown}
 C - a potion of haste {unknown}


   Skills:
 - Level 1.5 Dodging
 - Level 10.1 Stealth
 * Level 4.4 Spellcasting
 - Level 2.0 Conjurations
 * Level 4.2 Necromancy
 - Level 1.0 Transmutations
 - Level 8.0 Earth Magic


You had 10 spell levels left.
You knew the following spells:

 Your Spells              Type           Power      Damage    Failure   Level
a - Sandblast             Erth           72%        2d16      1%          1
b - Stone Arrow           Conj/Erth      48%        3d10      4%          3
w - Passwall              Tmut/Erth      18%        N/A       3%          2

Your spell library contained the following spells:

 Spells                   Type           Power      Damage    Failure   Level
 Petrify                  Tmut/Erth      22%        N/A       19%         4
 Olgreb's Toxic Radiance  Pois           4%         N/A       77%         4
 Ozocubu's Refrigeration  Ice            2%         4d7       100%        7
 Ignition                 Fire           2%         3d3       100%        8


Dungeon Overview and Level Annotations

Branches:
Dungeon (7/15)             Temple (1/1) D:6           Sewer (visited)

Altars:
Ashenzari
Cheibriados
Dithmenos
Elyvilon
Fedhas
Gozag
Hepliaklqana
Kikubaaqudgha
Makhleb
Nemelex Xobeh
Okawaru
Qazlal
Ru
Sif Muna
Trog
Uskayaw
Vehumet
Wu Jian
Xom
Yredelemnul
Zin
The Shining One

Shops:
D:4 ?   D:6 *

Annotations:
D:7 2 transporters, Ceno's ghost, novice NaVM; Maggie


Innate Abilities, Weirdness & Mutations

Your serpentine skin is tough. (AC +3)
You have supernaturally acute eyesight. (SInv)
Armour fits poorly on your strangely shaped body.
Your system is resistant to poisons. (rPois)
You cover ground very slowly.
You can spit poison.
You have a snake-like lower body.


Message History

Maggie points at you and mumbles some strange words.
The bolt of fire hits you!
Casting: Sandblast (safe; 1% risk of failure)
Confirm with . or Enter, or press ? or * to list all spells.
Aiming: Sandblast (safe; 1% risk of failure)
Press: ? - help, Shift-Dir - straight line, f/p - Maggie
Aim: Maggie, wielding the +9 lance "Wyrmbane" {slay drac, rPois rF+ rC+ AC+3} and wearing +0 acid dragon scales (almost dead, 84% to hit)
The blast of sand hits Maggie but does no damage.
Maggie is almost dead.
Maggie hits you from afar with the +9 lance "Wyrmbane" {slay drac, rPois rF+ rC+ AC+3}!
Casting: Sandblast (safe; 1% risk of failure)
Confirm with . or Enter, or press ? or * to list all spells.
You don't have enough magic to cast this spell.
Maggie hits you with the +9 lance "Wyrmbane" {slay drac, rPois rF+ rC+ AC+3}!
Maggie gestures wildly while chanting.
Maggie attempts to bespell you! You resist with almost no effort.
You hit Maggie but do no damage.
Maggie is severely wounded.
Maggie casts a spell at you. The bolt of fire hits you.
You hit Maggie but do no damage.
Maggie is severely wounded.
Maggie hits you with the +9 lance "Wyrmbane" {slay drac, rPois rF+ rC+ AC+3}!
* * * LOW HITPOINT WARNING * * *
Casting: Sandblast (safe; 1% risk of failure)
Confirm with . or Enter, or press ? or * to list all spells.
Aiming: Sandblast (safe; 1% risk of failure)
Press: ? - help, Shift-Dir - straight line, f/p - Maggie
Aim: Maggie, wielding the +9 lance "Wyrmbane" {slay drac, rPois rF+ rC+ AC+3} and wearing +0 acid dragon scales (severely wounded, 84% to hit)
The blast of sand hits Maggie.
Maggie is almost dead.
Maggie hits you with the +9 lance "Wyrmbane" {slay drac, rPois rF+ rC+ AC+3}!
* * * LOW HITPOINT WARNING * * *
You fade into invisibility!
Maggie hits you with the +9 lance "Wyrmbane" {slay drac, rPois rF+ rC+ AC+3}!
* * * LOW HITPOINT WARNING * * *
You feel better.
Maggie hits you with the +9 lance "Wyrmbane" {slay drac, rPois rF+ rC+ AC+3}!
You die...
Kikubaaqudgha rasps: "You have failed me!
Welcome... death!"

.### #..#####....##
..[...#..........#
..#............### .####
........### ..#
##.........## .##
##.#.......# ...
###.......## .#.
#.........## .## ..
#.......@..#
..###...........@...#
......................#
.............##........#
....... ..... ........##
..).... .....###.......#
....... .. ##.......
....... ^.....# .......


You could see Maggie (unable to see you).

Vanquished Creatures
  Grinder (D:5)
  A steam dragon (D:7)
  2 black bears
  An orc warrior (D:6)
  An ogre (D:5)
  A kobold brigand (D:7)
  4 bullfrogs
  A gnoll sergeant (D:6)
  A scorpion (D:4)
  A howler monkey (D:5)
  3 hounds
  2 orc priests (D:5)
  Ijyb (D:4)
  3 iguanas
  4 orc wizards
  Natasha (thrice) (D:2)
  Robin (D:2)
  5 gnolls
  4 river rats (Sewer)
  7 adders
  An ufetubus (D:6)
  A worm (D:4)
  2 dart slugs
  13 orcs
  8 endoplasms
  3 giant cockroaches
  14 goblins
  5 hobgoblins (D:2)
  7 jackals
  3 quokkas
  23 ball pythons
  4 bats
  4 frilled lizards
  12 kobolds
  26 rats
  A spectral goblin (D:3)
174 creatures vanquished.

Vanquished Creatures (collateral kills)
  Edmund (D:4)
1 creature vanquished.

Grand Total: 175 creatures vanquished

Notes
Turn   | Place    | Note
-------+----------+-------------------------------------------
     0 | D:1      | Nacht the Naga Earth Elementalist began the quest for the
                  | Orb.
     0 | D:1      | Reached XP level 1. HP: 15/15 MP: 3/3
   223 | D:1      | Reached XP level 2. HP: 22/22 MP: 1/5
   701 | D:1      | Found a faded altar of an unknown god.
  1048 | D:2      | Reached skill level 1 in Conjurations
  1168 | D:2      | Reached XP level 3. HP: 28/28 MP: 3/6
  1396 | D:2      | Learned a level 2 spell: Passwall
  1400 | D:2      | Learned a level 3 spell: Stone Arrow
  1463 | D:2      | Noticed Natasha
  1466 | D:2      | Killed Natasha
  1467 | D:2      | Reached skill level 4 in Stealth
  1467 | D:2      | Reached XP level 4. HP: 36/36 MP: 3/7
  1624 | D:2      | Found a glowing golden altar of the Shining One.
  1624 | D:2      | Noticed Natasha
  1631 | D:2      | Killed Natasha
  1675 | D:2      | Noticed Natasha
  1680 | D:2      | Killed Natasha
  1681 | D:2      | Reached XP level 5. HP: 31/42 MP: 2/8
  1809 | D:2      | Noticed Robin
  1835 | D:2      | Killed Robin
  2002 | D:2      | Reached skill level 5 in Stealth
  2615 | D:3      | Reached skill level 5 in Earth Magic
  2634 | D:3      | Found a hazy altar of Hepliaklqana.
  2746 | D:4      | Found a glowing golden altar of the Shining One.
  2889 | D:4      | Reached XP level 6. HP: 49/49 MP: 4/9
  3017 | D:4      | Found a glowing drain.
  3022 | Sewer    | Entered a sewer
  3665 | Sewer    | Reached skill level 6 in Stealth
  3669 | Sewer    | Reached XP level 7. HP: 41/55 MP: 3/10
  3894 | D:4      | Reached skill level 7 in Stealth
  4068 | D:4      | Found Ziunen's Magic Scroll Emporium.
  4244 | D:4      | Found an opulent altar of Gozag.
  4427 | D:4      | Found an iron altar of Okawaru.
  4536 | D:4      | Identified a scroll of acquirement
  4537 | D:4      | Acquired 1233 gold pieces
  4540 | D:5      | Entered Level 5 of the Dungeon
  4796 | D:5      | Reached skill level 8 in Stealth
  4796 | D:5      | Reached XP level 8. HP: 62/62 MP: 8/11
  4797 | D:5      | Noticed Edmund
  4801 | D:5      | Noticed Ijyb
  4831 | D:4      | Killed Ijyb
  4836 | D:4      | Killed Edmund
  5075 | D:5      | Noticed Grinder
  5086 | D:5      | Paralysed by Grinder for 3 turns
  5101 | D:5      | Killed Grinder
  5102 | D:5      | Reached skill level 10 in Stealth
  5645 | D:6      | Reached skill level 1 in Necromancy
  5705 | D:6      | Found a blossoming altar of Fedhas.
  6281 | D:7      | Found a transporter.
  6299 | D:7      | Reached XP level 9. HP: 68/68 MP: 10/14
  6419 | D:7      | Found a transporter.
  6419 | D:7      | Noticed Ceno's ghost (novice NaVM)
  6426 | D:7      | Noticed a manticore
  6654 | D:6      | Found Xuelufof's Overcharged Wands.
  7001 | D:6      | Found a staircase to the Ecumenical Temple.
  7212 | Temple   | Entered the Ecumenical Temple
  7396 | Temple   | Became a worshipper of Kikubaaqudgha
  7615 | D:7      | Noticed Maggie
  7629 | D:7      | HP: 1/68 [Maggie/the +9 lance "Wyrmbane" {slay drac, rPois
                  | rF+ rC+ AC+3} (7)]
  7630 | D:7      | Slain by Maggie

Illustrated notes

Levels and vault maps discovered:
D:1:      lightli_arrival_isolated_outpost, layout_basic,
          chequers_ecumenical_altar_simple_redux
D:2:      layout_basic, basic_altar, uniq_robin, uniq_natasha
D:3:      layout_basic, nicolae_hepliaklqana_monster_ancestors,
          kennysheep_crisscross
D:4:      layout_gridville, general_overflow_altar,
          nicolae_overflow_hidden_temple, kennysheep_mini_moat,
          portal_sewer_entry_e, serial_shops, shop_scrolls
D:5:      layout_rooms, st_stairs_13, dk_noncrumbling_2,
          minmay_misc_feat_plants, uniq_ijyb, uniq_grinder, uniq_edmund
D:6:      hellmonk_ruined_rings, layout_basic,
          mainiacjoe_overflow_concentric_impassable, minmay_temple_entry_fiery,
          chequers_big_river, nicolae_shop_overcharged_wands
D:7:      layout_cave_pools, gammafunk_ghost_arena, hex_medium, uniq_maggie
Temple:   nicolae_temple_bog_church

Skill      XL: |  1  2  3  4  5  6  7  8  9 |
---------------+----------------------------+-----
Conjurations   | 1 2 |  2.0
Stealth        | 4 5 6 8 10 | 10.1
Earth Magic    | 4 5 6 7 8 |  8.0
Necromancy     | 3 4 |  4.2
Spellcasting   | 3 4 |  4.4
Dodging        | |  1.5
Transmutations | |  1.0

Action                     |  1- 3 |  4- 6 |  7- 9 || total
---------------------------+-------+-------+-------++-------
  Melee: Dagger            |       |     9 |    23 ||    32
   Cast: Sandblast         |    41 |   120 |   122 ||   283
         Stone Arrow       |       |       |    25 ||    25
Ability: Spit Poison       |       |       |     1 ||     1
    Use: Scroll            |       |       |     8 ||     8
         Potion            |       |       |     3 ||     3
 Armour: Robe              |     3 |    56 |    49 ||   108
  Dodge: Dodged            |     5 |    41 |    85 ||   131

Table legend: (Time is in decaauts)
 A = Elapsed time spent in this place.
 B = Non-inter-level travel time spent in this place.
 C = Inter-level travel time spent in this place.
 D = Time resting spent in this place.
 E = Time spent auto-exploring this place.
 F = Levels seen in this place.
 G = Mean time per level.
                   A        B        C        D        E       F      G
               +--------+--------+--------+--------+--------+-----+--------+
         Total |   9535 |   8862 |    673 |     80 |   7420 |   9 | 1059.4 |
       Dungeon |   8394 |   7732 |    662 |     80 |   6539 |   7 | 1199.1 |
        Temple |    270 |    259 |     11 |      0 |    215 |   1 |  270.0 |
         Sewer |    870 |    870 |      0 |      0 |    665 |   1 |  870.0 |
               +--------+--------+--------+--------+--------+-----+--------+

Top non-repeatable levels by time:
     D:6: 1618 daAuts
     D:4: 1577 daAuts
     D:2: 1543 daAuts
     D:1: 1356 daAuts
     D:5: 1020 daAuts
   Sewer: 870 daAuts
     D:7: 683 daAuts
     D:3: 595 daAuts
  Temple: 270 daAuts
